 Dungeon Crawl Stone Soup version 0.19-a0-599-g723c685 (webtiles) character file.

666 st0uf the Shield-Bearer (level 7, -2/82 HPs)
             Began as a Formicid Fighter on June 12, 2016.
             Slain by an orc warrior
             ... wielding a +0 short sword
              (11 damage)
             ... on level 4 of the Dungeon.
             The game lasted 00:16:43 (4152 turns).

st0uf the Shield-Bearer (Formicid Fighter)          Turns: 4152, Time: 00:16:43

Health: -2/82      AC: 23    Str: 23    XL:     7   Next: 88%
Magic:  7/7        EV:  2    Int: 12    God:
Gold:   188        SH: 14    Dex: 15    Spells: 0 memorised, 6 levels left

rFire  . . .     SeeInvis .     a - +0 war axe
rCold  . . .     Gourm    .     (armour currently unavailable)
rNeg   + + +     Faith    .     c - +0 shield
rPois  +         Spirit   .     (helmet unavailable)
rElec  .         Dismiss  .     (cloak currently unavailable)
rCorr  .         Reflect  +     (gloves currently unavailable)
SustAt .         Harm     .     (boots currently unavailable)
MR     .....                    n - +3 amulet of reflection
Stlth  ++........               (no ring)
                                (no ring)

@: brilliant, agile, tree-form, not resistant to hostile enchantments,
unstealthy
A: permanent stasis, dig shafts and tunnels, four strong arms, (antennae 0)
a: no special abilities


You were on level 4 of the Dungeon.
You were hungry.
You were a tree.
You visited 1 branch of the dungeon, and saw 4 of its levels.

You collected 188 gold pieces.

Inventory:

Hand Weapons
 a - a +0 war axe (weapon)
 r - a +0 hunting sling
Missiles
 h - 120 stones (quivered)
 l - 40 sling bullets
Armour
 b - a +0 scale mail (melded)
 c - a +0 shield (worn)
Jewellery
 n - a +3 amulet of reflection (around neck)
Wands
 m - a wand of slowing (11/48)
 u - a wand of random effects (20/48)
Scrolls
 e - 5 scrolls of identify {unknown}
 g - 4 scrolls of teleportation {unknown}
 t - a scroll of magic mapping {unknown}
 x - a scroll of enchant weapon {unknown}
 y - 3 scrolls of remove curse {unknown}
Potions
 d - a potion of might
 k - a potion of agility
 o - a potion of flight
 p - a potion of curing
Comestibles
 f - 3 bread rations
 i - 2 meat rations
 v - a beef jerky


   Skills:
 + Level 4.4 Fighting
 * Level 4.8 Axes
 + Level 5.1 Armour
 + Level 2.4 Dodging
 + Level 5.8 Shields


You had 6 spell levels left.
You didn't know any spells.

Dungeon Overview and Level Annotations

Branches:
Dungeon (4/15)
 Temple: D:4-7

Altars:
Cheibriados
Fedhas
Makhleb
Nemelex Xobeh
Okawaru
Pakellas
Ru
Trog


Innate Abilities, Weirdness & Mutations

You are under a permanent stasis effect.
You can dig through walls and to a lower floor.
Your four strong arms can wield two-handed weapons with a shield.
((You have a pair of large antennae on your head. (SInv)))


Message History

The orc warrior hits you but does no damage.
You hit the orc warrior but do no damage.
The orc warrior is severely wounded.
You block the orc warrior's attack.
You hit the orc warrior but do no damage.
The orc warrior is severely wounded.
The orc warrior hits you but does no damage.
You barely miss the orc warrior.
The orc warrior is severely wounded.
The orc warrior hits you with a short sword!
* * * LOW HITPOINT WARNING * * *
You feel better.
The orc warrior hits you with a short sword!
* * * LOW HITPOINT WARNING * * *
You feel better.
The orc warrior hits you but does no damage.
You hit the orc warrior but do no damage.
The orc warrior is severely wounded.
The orc warrior hits you with a short sword!
You die...

....#####.[.......##
######....##.##..####.#.....
# #.#.....###....#.......
######...#####.....##.......
...........(.......# .......
####.#.#####....#..# .......
.).)...#####.#####.# .o.....
#)##.#.......# ###{##.o.....
.......####### #♣#{{{.......
..##.### ##o####g.....
..##.# ### ..... ..##.# ....
.....# ... ..#..# .. .......
. ....... .......


You could see an orc warrior.

Vanquished Creatures
  2 ogres (D:4)
  A scorpion (D:4)
  A hound (D:4)
  3 orc priests
  2 orc wizards
  A howler monkey skeleton (D:4)
  Robin (D:4)
  6 gnolls
  6 adders
  4 worms
  21 orcs
  3 giant cockroaches
  21 goblins
  9 hobgoblins
  5 jackals
  5 kobolds
  2 quokkas (D:3)
  A ball python (D:4)
  13 bats
  A giant gecko skeleton (D:4)
  5 giant newts
  4 rats
117 creatures vanquished.

Vanquished Creatures (others)
  An ice dragon (D:4)
  2 goblins
  A bush (D:4)
4 creatures vanquished.

Grand Total: 121 creatures vanquished

Notes
Turn   | Place    | Note
--------------------------------------------------------------
     0 | D:1      | st0uf the Formicid Fighter began the quest for the Orb.
     0 | D:1      | Reached XP level 1. HP: 18/18 MP: 1/1
   443 | D:1      | Reached XP level 2. HP: 24/24 MP: 2/2
   779 | D:2      | Found a sparkling altar of Nemelex Xobeh.
   902 | D:2      | Reached XP level 3. HP: 28/29 MP: 3/3
   951 | D:2      | Found a blossoming altar of Fedhas.
  1179 | D:2      | Found a bloodstained altar of Trog.
  1442 | D:2      | Found a sacrificial altar of Ru.
  1444 | D:2      | Found an iron altar of Okawaru.
  1444 | D:2      | Found a burning altar of Makhleb.
  1580 | D:3      | Reached skill level 1 in Dodging
  1839 | D:3      | Found a snail-covered altar of Cheibriados.
  1846 | D:3      | Reached XP level 4. HP: 26/36 MP: 4/4
  2019 | D:3      | Reached XP level 5. HP: 42/42 MP: 5/5
  2807 | D:3      | Reached XP level 6. HP: 48/48 MP: 6/6
  3109 | D:4      | Reached skill level 5 in Shields
  3127 | D:4      | Found an oddly glowing altar of Pakellas.
  3128 | D:4      | Noticed an ice dragon
  3137 | D:4      | Killed an ice dragon
  3194 | D:4      | Noticed Robin
  3207 | D:4      | Killed Robin
  3439 | D:4      | Reached XP level 7. HP: 17/54 MP: 7/7
  3874 | D:4      | Reached skill level 5 in Armour
  4142 | D:4      | HP: 1/82 [orc warrior/short sword (3)]
  4149 | D:4      | HP: 2/82 [orc warrior/short sword (10)]
  4152 | D:4      | Slain by an orc warrior

Vault maps used:
D:1:      matt_arrival_refuge, minivault_19
D:2:      nemelex_xobeh_ov_fountains_minmay, bloody_trog, fedhas_altar_2,
          gammafunk_temple_overflow_forgotten
D:3:      cheibriados_altar_wand_db, minivault_27, kennysheep_generic_room_14
D:4:      gammafunk_pakellas_spire_experiment, minitemple, uniq_robin

Skill      XL: |  1  2  3  4  5  6  7 |
---------------+----------------------+-----
Dodging        | 1 2 |  2.4
Shields        | 4 5 |  5.8
Armour         | 4 5 |  5.1
Axes           | 3 4 |  4.8
Fighting       | 4 |  4.4

Action                   |  1- 3 |  4- 6 |  7- 9 || total
-------------------------+-------+-------+-------++-------
Melee: War axe           |   149 |   169 |   111 ||   429
 Abil: Dig               |     3 |     1 |     1 ||     5
  Use: Potion            |       |       |     8 ||     8
  Eat: Chunk             |     2 |     7 |     2 ||    11
Armor: Scale mail        |    77 |    56 |    30 ||   163
       Skin              |       |       |     2 ||     2
Dodge: Dodged            |    48 |    61 |    36 ||   145
Block: Shield            |   101 |   136 |    91 ||   328
       Reflection        |     1 |     4 |       ||     5
